[Event "Team 45 45 League T98"]
[Site "Internet Chess Club"]
[Date "2023.12.18"]
[Round "5"]
[White "Fischeresque930"]
[Black "Goli"]
[Result "1-0"]
[WhiteElo "2053"]
[BlackElo "1828"]
[Opening "Queen's pawn: London system"]
[ECO "A45"]
[Time "12:00:17"]
[PlyCount "67"]
[TimeControl "2700+45"]

1. d4 Nf6 2. Bf4 d6 3. e3 g6 4. h3 Bg7 5. Nf3 O-O 6. Be2 c5 7. O-O cxd4 8. exd4
Qb6 9. Qc1 Re8 10. c3 Nc6 11. Na3 a6 12. Nc4 Qc7 13. a4 Nd5 14. Bh2 Na5 15. Nxa5
Qxa5 16. Qd1 Bd7 17. Qb3 Nb6 18. Bd1 Be6 19. Qc2 Rac8 20. Re1 Bf5 21. Qb3 Be6
22. Rxe6 fxe6 23. Qxe6+ Kh8 24. Bb3 Qf5 25. Qxf5 gxf5 26. Be6 Rc7 27. Bxf5 Rc4
28. a5 Ra4 29. Rxa4 Nxa4 30. Bd7 Rd8 31. Bxa4 e5 32. Ng5 Kg8 33. Bb3+ Kf8 34.
Ne6+ {Black resigns} 1-0

[Event "Team 45 45 League T98"]
[Site "Internet Chess Club"]
[Date "2023.12.15"]
[Round "5"]
[White "fhunfi"]
[Black "trombone"]
[Result "1/2-1/2"]
[WhiteElo "1717"]
[BlackElo "1781"]
[Opening "Robatsch defense: Geller's system"]
[ECO "B06"]
[Time "09:03:37"]
[PlyCount "77"]
[TimeControl "2700+45"]

1. e4 g6 2. d4 Bg7 3. c3 d6 4. Nf3 Nf6 5. Bd3 O-O 6. O-O Nc6 7. h3 e5 8. dxe5
dxe5 9. Qe2 h6 10. Rd1 Nh5 11. Na3 Be6 12. Qe1 Qf6 13. Nh2 Nf4 14. Bf1 h5 15.
Be3 g5 16. f3 Qg6 17. Bf2 g4 18. hxg4 hxg4 19. fxg4 Bxg4 20. Nxg4 Qxg4 21. Nc2
Nh3+ 22. Kh1 Nxf2+ 23. Qxf2 Qxe4 24. Ne3 Qg6 25. Nf5 Rad8 26. Be2 Bf6 27. Rd3
Rxd3 28. Bxd3 Qg5 29. Re1 Ne7 30. Re3 Ng6 31. Rh3 Bg7 32. Rg3 Qh5+ 33. Kg1 Qd1+
34. Kh2 Rd8 35. Qe3 Qh5+ 36. Kg1 Qd1+ 37. Kh2 Qh5+ 38. Kg1 Qd1+ 39. Kh2 {Game
drawn by repetition} 1/2-1/2

[Event "Team 45 45 League T98"]
[Site "Internet Chess Club"]
[Date "2023.12.14"]
[Round "5"]
[White "Signofthetimes"]
[Black "WillC"]
[Result "1-0"]
[WhiteElo "1575"]
[BlackElo "1573"]
[Opening "Sicilian: Sozin, not Scheveningen"]
[ECO "B57"]
[Time "19:07:50"]
[PlyCount "121"]
[TimeControl "2700+45"]

1. e4 c5 2. Nf3 d6 3. Bc4 Nf6 4. Nc3 Nc6 5. d4 cxd4 6. Nxd4 a6 7. f3 Qc7 8. Bb3
Na5 9. Be3 Nxb3 10. Nxb3 g6 11. Qd2 Be6 12. Nd4 Bd7 13. g4 e5 14. Nde2 Be7 15.
h4 Be6 16. h5 gxh5 17. g5 Nd7 18. Nd5 Bxd5 19. exd5 O-O-O 20. O-O-O Kb8 21. Rxh5
f5 22. f4 Nb6 23. Bxb6 Qxb6 24. Rdh1 exf4 25. Nxf4 Rdg8 26. Ne6 Qb5 27. Rxh7
Rxh7 28. Rxh7 Qf1+ 29. Qd1 Bxg5+ 30. Nxg5 Qf4+ 31. Qd2 Qxd2+ 32. Kxd2 Rxg5 33.
Rf7 Rg2+ 34. Kc3 Rf2 35. Kb3 f4 36. Rd7 f3 37. Rxd6 Re2 38. Rf6 f2 39. Kc3 Re3+
40. Kd2 Re5 41. c4 Re4 42. Kd3 Rg4 43. Rxf2 Kc7 44. Re2 Rg3+ 45. Re3 Rg2 46. Kc3
a5 47. a4 b6 48. b3 Rg7 49. b4 axb4+ 50. Kxb4 Kb7 51. Kb5 Rc7 52. Rd3 Rc5+ 53.
Kb4 Kc7 54. Re3 Kd7 55. Re6 Kc7 56. Re7+ Kc8 57. Rg7 Kb8 58. d6 Re5 59. Re7 Rf5
60. Re8+ Kb7 61. d7 {Black resigns} 1-0

[Event "Team 45 45 League T98"]
[Site "Internet Chess Club"]
[Date "2023.12.17"]
[Round "5"]
[White "fishhead"]
[Black "Portola"]
[Result "1-0"]
[WhiteElo "1781"]
[BlackElo "1644"]
[Opening "French: King's Indian attack"]
[ECO "C00"]
[Time "09:00:22"]
[PlyCount "87"]
[TimeControl "2700+45"]

1. e4 e6 2. d3 d5 3. Nd2 c5 4. g3 Nc6 5. Bg2 g6 6. Ngf3 Bg7 7. O-O Nge7 8. c4 d4
9. h3 e5 10. Nh2 Be6 11. Nb3 b6 12. f4 Rc8 13. g4 exf4 14. Bxf4 Be5 15. Qf3 Qc7
16. Rad1 Bxf4 17. Qxf4 Qxf4 18. Rxf4 Nb4 19. a3 Nc2 20. Nf1 b5 21. Na5 bxc4 22.
Nxc4 Bxc4 23. dxc4 Rb8 24. Rf2 Ne3 25. Nxe3 dxe3 26. Re2 Rb3 27. e5 O-O 28. Rd7
Nc8 29. Rd5 Nb6 30. Rxc5 Na4 31. Rb5 Rd3 32. Bd5 Re8 33. Rb7 Rxe5 34. Bxf7+ Kf8
35. Kg2 Nb6 36. Rxa7 Rd4 37. Bd5 Rf4 38. Rb7 Na4 39. Rb3 h5 40. Rbxe3 Rxe3 41.
Rxe3 hxg4 42. Kg3 Rd4 43. b3 Nc3 44. Rxc3 {Black resigns} 1-0

[Event "Team 45 45 League T98"]
[Site "Internet Chess Club"]
[Date "2023.12.18"]
[Round "5"]
[White "ElValero"]
[Black "QuieroAprender"]
[Result "1-0"]
[WhiteElo "1623"]
[BlackElo "1604"]
[Opening "Ruy Lopez: closed, anti-Marshall 8.a4"]
[ECO "C88"]
[Time "13:10:50"]
[PlyCount "59"]
[TimeControl "2700+45"]

1. e4 e5 2. Nf3 Nc6 3. Bb5 a6 4. Ba4 Nf6 5. O-O b5 6. Bb3 Be7 7. Re1 O-O 8. a4
b4 9. d4 Nxd4 10. Nxd4 exd4 11. e5 Ne8 12. Qxd4 c5 13. Qe4 Nc7 14. Bf4 Rb8 15.
Nd2 Bb7 16. Qf5 Ne6 17. Be3 Qc7 18. Nc4 Qc6 19. Qh3 Bg5 20. Na5 Qc7 21. Nxb7
Bxe3 22. Qxe3 Rxb7 23. Bd5 Rbb8 24. f4 Qb6 25. a5 Qc7 26. f5 Nd4 27. f6 Nxc2 28.
Qg5 g6 29. Qh6 Kh8 30. Qg7# {Black checkmated} 1-0

[Event "Team 45 45 League T98"]
[Site "Internet Chess Club"]
[Date "2023.12.15"]
[Round "5"]
[White "fireball"]
[Black "burlap"]
[Result "1-0"]
[WhiteElo "1554"]
[BlackElo "1449"]
[Opening "French: Steinitz, Boleslavsky variation"]
[ECO "C11"]
[Time "10:31:43"]
[PlyCount "55"]
[TimeControl "2700+45"]

1. e4 e6 2. d4 d5 3. Nc3 Nf6 4. e5 Nfd7 5. f4 c5 6. Nf3 Nc6 7. Be3 cxd4 8. Nxd4
Nxd4 9. Qxd4 Bc5 10. Qd2 Qb6 11. Bxc5 Qxc5 12. Nb5 a6 13. Nd4 O-O 14. c3 Nb6 15.
Bd3 g6 16. h4 Nc4 17. Qe2 Bd7 18. h5 Be8 19. hxg6 fxg6 20. Nxe6 Qc6 21. Nxf8
Kxf8 22. Rxh7 Rd8 23. e6 Kg8 24. Rh1 Rd6 25. f5 gxf5 26. Bxf5 Nb6 27. Qg4+ Kf8
28. Rh8+ {Black resigns} 1-0

[Event "Team 45 45 League T98"]
[Site "Internet Chess Club"]
[Date "2023.12.15"]
[Round "5"]
[White "mongmong"]
[Black "jfkingiii"]
[Result "1-0"]
[WhiteElo "1513"]
[BlackElo "1491"]
[Opening "Colle system"]
[ECO "D05"]
[Time "19:00:56"]
[PlyCount "111"]
[TimeControl "2700+45"]

1. d4 d5 2. Nf3 Nf6 3. e3 e6 4. Bd3 c5 5. c3 Nc6 6. Nbd2 Bd6 7. O-O O-O 8. Qe2
e5 9. dxe5 Bxe5 10. Nxe5 Nxe5 11. Bc2 Bg4 12. f3 Be6 13. Nb3 b6 14. Bd2 Qc7 15.
Rad1 Nc4 16. Bc1 Rfe8 17. Nd2 Rad8 18. Nxc4 dxc4 19. Rxd8 Rxd8 20. Rd1 b5 21.
Rxd8+ Qxd8 22. Qd2 Qxd2 23. Bxd2 a5 24. a3 Kf8 25. e4 h6 26. Bf4 Ke7 27. Bc7 a4
28. Kf2 Kd7 29. Be5 Ne8 30. Bf4 f6 31. Be3 Kc6 32. h4 Nd6 33. g4 Nf7 34. Bf4 Ne5
35. Bxe5 fxe5 36. Kg3 b4 37. f4 exf4+ 38. Kxf4 b3 39. Bd1 Kd6 40. e5+ Ke7 41.
Bf3 Bd7 42. Bd5 Be6 43. Bc6 Bd7 44. Bxd7 Kxd7 45. Kf5 Ke7 46. Ke4 Ke6 47. h5 Kd7
48. Kd5 Ke7 49. Kxc5 Ke6 50. Kd4 Kf7 51. Kxc4 g5 52. Kd5 Ke7 53. c4 Kd7 54. c5
Ke7 55. c6 Kd8 56. Kd6 {Black resigns} 1-0

[Event "Team 45 45 League T98"]
[Site "Internet Chess Club"]
[Date "2023.12.15"]
[Round "5"]
[White "Packerfan"]
[Black "VictorRed"]
[Result "1-0"]
[WhiteElo "1750"]
[BlackElo "1647"]
[Opening "French defense, Steiner variation"]
[ECO "A13"]
[Time "15:45:56"]
[PlyCount "101"]
[TimeControl "2700+45"]

1. c4 e6 2. e4 d5 3. exd5 exd5 4. d4 Nf6 5. Nc3 c6 6. Nf3 Be7 7. Qb3 O-O 8. cxd5
Nxd5 9. Bd3 Bf6 10. Nxd5 cxd5 11. O-O Nc6 12. Be3 Re8 13. h3 a6 14. Rac1 h6 15.
Rfd1 Na5 16. Qc3 b5 17. b3 Nb7 18. Bb1 Nd6 19. Bf4 Ne4 20. Qc7 Be6 21. Ne5 Rc8
22. Qxd8 Rexd8 23. Nc6 Rd7 24. f3 Ng5 25. Ne5 Rxc1 26. Rxc1 Rd8 27. Kf2 Rc8 28.
a3 Rxc1 29. Bxc1 Bc8 30. Ke3 Ne6 31. g3 Kf8 32. Bd2 Ke8 33. h4 Bb7 34. Bc3 Ke7
35. Ng4 h5 36. Bb4+ Kd7 37. Nxf6+ gxf6 38. g4 hxg4 39. fxg4 Ng7 40. h5 Ne6 41.
h6 Ng5 42. h7 Nxh7 43. Bxh7 Kc6 44. Bg8 Bc8 45. Kf4 Be6 46. Be7 a5 47. b4 axb4
48. axb4 Kd7 49. Bxf6 Kd6 50. g5 Kd7 51. Ke5 {Black resigns} 1-0

[Event "Team 45 45 League T98"]
[Site "Internet Chess Club"]
[Date "2023.12.15"]
[Round "5"]
[White "cayo89"]
[Black "Gilguli"]
[Result "1-0"]
[WhiteElo "1522"]
[BlackElo "1426"]
[Opening "Mieses opening"]
[ECO "A00"]
[Time "15:07:36"]
[PlyCount "92"]
[TimeControl "2700+45"]

1. d3 e5 2. Nf3 Nc6 3. e4 g6 4. Nbd2 Bg7 5. Be2 d6 6. c3 Nge7 7. Qc2 O-O 8. b4
Qe8 9. b5 Nd8 10. Rb1 f5 11. exf5 gxf5 12. O-O h6 13. c4 Kh7 14. Bb2 Rg8 15. Kh1
Bf6 16. Rg1 Qg6 17. a4 Nf7 18. g3 b6 19. Bf1 Bb7 20. Bg2 Kh8 21. Rbe1 Ng5 22.
Nh4 Qh7 23. Bxb7 Nh3 24. Kg2 Rab8 25. Kxh3 Rxb7 26. Nhf3 Qg6 27. Kg2 Qh5 28. Kh1
Rbb8 29. Qd1 Rg7 30. Qe2 Rbg8 31. Qe3 Ng6 32. Qe2 Nf8 33. Bxe5 dxe5 34. Nxe5
Qxe2 35. Rxe2 Re7 36. f4 Nd7 37. d4 Kg7 38. Ndf3 Rge8 39. Rge1 Re6 40. Kg2 a6
41. Kf2 axb5 42. axb5 Ra8 43. Nxd7 Rxe2+ 44. Rxe2 Ra4 45. Nxf6 Kxf6 46. Ne5 Ra3
{Black resigns} 1-0

[Event "Team 45 45 League T98"]
[Site "Internet Chess Club"]
[Date "2023.12.19"]
[Round "5"]
[White "Alec-hine"]
[Black "iSeba"]
[Result "1/2-1/2"]
[WhiteElo "2012"]
[BlackElo "2024"]
[Opening "Queen's Pawn"]
[ECO "B07"]
[Time "14:02:38"]
[PlyCount "65"]
[TimeControl "2700+45"]

1. d4 d6 2. e4 Nd7 3. Nf3 e6 4. Bd3 Ngf6 5. O-O Be7 6. c4 e5 7. Nc3 O-O 8. h3 h6
9. Be3 Re8 10. dxe5 dxe5 11. Nd5 Bd6 12. a3 c6 13. Nxf6+ Qxf6 14. b4 b6 15. Qe2
c5 16. Rab1 a5 17. b5 Nf8 18. Nd2 Ne6 19. Rbe1 Nf4 20. Bxf4 exf4 21. e5 Rxe5 22.
Qf3 Rb8 23. Rxe5 Qxe5 24. Be4 Be6 25. Bd5 Qd4 26. Bxe6 fxe6 27. Qe2 Re8 28. Ne4
Bc7 29. Rd1 Qe5 30. f3 Rd8 31. Rxd8+ Bxd8 32. Qd3 Bh4 33. Qd6 {Game drawn by
mutual agreement} 1/2-1/2

[Event "Team 45 45 League T98"]
[Site "Internet Chess Club"]
[Date "2023.12.16"]
[Round "5"]
[White "ElValero"]
[Black "timcent"]
[Result "0-1"]
[WhiteElo "1606"]
[BlackElo "1932"]
[Opening "Queen's Indian: old main line, 7.Nc3"]
[ECO "E18"]
[Time "11:00:22"]
[PlyCount "76"]
[TimeControl "2700+45"]

1. Nf3 Nf6 2. c4 e6 3. Nc3 b6 4. g3 Bb7 5. Bg2 Be7 6. O-O O-O 7. d4 d6 8. Qc2 c5
9. dxc5 dxc5 10. Rd1 Qc8 11. b3 Nc6 12. Bb2 a6 13. Na4 Qc7 14. Ne5 Rad8 15. Nxc6
Bxc6 16. Bxc6 Qxc6 17. Nc3 Rd4 18. Na4 Rg4 19. f3 Rg6 20. e4 h5 21. Rd2 h4 22.
g4 Nh7 23. Rad1 Ng5 24. Kf2 f5 25. Rd7 Rf7 26. Rxe7 Rxe7 27. Rd8+ Kh7 28. Be5
fxg4 29. Rd6 Qa8 30. Nxb6 Qb7 31. Na4 Rf7 32. Nxc5 Rxf3+ 33. Ke2 Qf7 34. Bd4 Rh3
35. Bg1 Qf3+ 36. Ke1 Qh1 37. Qf2 Nf3+ 38. Kf1 Nxg1 {White resigns} 0-1

[Event "Team 45 45 League T98"]
[Site "Internet Chess Club"]
[Date "2023.12.13"]
[Round "5"]
[White "trombone"]
[Black "QuieroAprender"]
[Result "1-0"]
[WhiteElo "1784"]
[BlackElo "1590"]
[Opening "Center game: Paulsen attack"]
[ECO "C22"]
[Time "14:15:15"]
[PlyCount "31"]
[TimeControl "2700+45"]

1. e4 e5 2. d4 exd4 3. Qxd4 Nc6 4. Qe3 Bb4+ 5. Nc3 d6 6. Bd2 a6 7. O-O-O Be6 8.
Kb1 Bc5 9. Qg3 Qf6 10. Nf3 h6 11. Nd5 Bxd5 12. exd5 Nce7 13. Bc3 Nf5 14. Re1+
Kd7 15. Qh3 Qg6 16. Nh4 {Black resigns} 1-0

[Event "Team 45 45 League T98"]
[Site "Internet Chess Club"]
[Date "2023.12.15"]
[Round "5"]
[White "room-matt"]
[Black "primerpaso"]
[Result "0-1"]
[WhiteElo "1814"]
[BlackElo "1796"]
[Opening "Richter-Veresov attack"]
[ECO "D01"]
[Time "14:01:31"]
[PlyCount "102"]
[TimeControl "2700+45"]

1. d4 Nf6 2. Nc3 d5 3. Bg5 e6 4. Nf3 Nbd7 5. e4 dxe4 6. Nxe4 Be7 7. Nxf6+ Bxf6
8. Bxf6 Qxf6 9. Qd3 O-O 10. Qe3 c5 11. O-O-O cxd4 12. Rxd4 Nb6 13. Bd3 Nd5 14.
Qe4 Qh6+ 15. Kb1 f5 16. Qe5 Ne7 17. Qg3 Nc6 18. Rd6 Qf6 19. Rd1 Re8 20. Bb5 Rd8
21. Bxc6 Rxd6 22. Qxd6 bxc6 23. Qxc6 Rb8 24. Qe8+ Qf8 25. Qxf8+ Kxf8 26. Ne5 Ra8
27. Rd8+ Ke7 28. Nc6+ Kf6 29. Rf8+ Kg5 30. Rf7 a5 31. Rxg7+ Kf4 32. Rxh7 Ba6 33.
Nxa5 Bf1 34. g3+ Kf3 35. Nc6 Kxf2 36. a3 Bg2 37. Nd4 Rd8 38. Nb3 e5 39. Re7 e4
40. Nc5 Rd1+ 41. Ka2 e3 42. Nd3+ Rxd3 43. cxd3 Be4 44. dxe4 f4 45. Rc7 f3 46.
Rc2+ Ke1 47. Rc3 Kd2 48. Kb3 f2 49. Rc2+ Kd3 50. Rc1 e2 51. Rc3+ Kxe4 {White
resigns} 0-1

[Event "Team 45 45 League T98"]
[Site "Internet Chess Club"]
[Date "2023.12.17"]
[Round "5"]
[White "Portola"]
[Black "bobhill"]
[Result "0-1"]
[WhiteElo "1638"]
[BlackElo "1889"]
[Opening "Queen's pawn game, Darooha variation "]
[ECO "D02"]
[Time "14:02:23"]
[PlyCount "84"]
[TimeControl "2700+45"]

1. d4 d5 2. Nf3 Nf6 3. c3 g6 4. Bg5 Bg7 5. Nbd2 O-O 6. e3 c6 7. Be2 Re8 8. O-O
Nbd7 9. Re1 e5 10. dxe5 Nxe5 11. Qa4 h6 12. Bh4 Nxf3+ 13. gxf3 Bd7 14. Qb3 Qb6
15. Rad1 Be6 16. Qxb6 axb6 17. a3 Nd7 18. Bg3 Nc5 19. Nb1 Bf5 20. Bc7 b5 21. Bb6
Na4 22. Bd4 Nxb2 23. Rd2 Bxd4 24. cxd4 Nc4 25. Bxc4 bxc4 26. Rb2 b5 27. Rc1 Bxb1
28. Rbxb1 Rxa3 29. Kg2 Ra2 30. Kg3 h5 31. Rc3 Kg7 32. f4 f5 33. h3 h4+ 34. Kxh4
Rxf2 35. Ra3 Rg2 36. Ra7+ Kf6 37. Rh7 Rxe3 38. Rxb5 Rh2 39. Rf7+ Kxf7 40. Rb7+
Kf6 41. Rf7+ Kxf7 42. Kg5 Rg3+ {White resigns} 0-1

[Event "Team 45 45 League T98"]
[Site "Internet Chess Club"]
[Date "2023.12.17"]
[Round "5"]
[White "Beetlejuice"]
[Black "julesraider"]
[Result "1-0"]
[WhiteElo "1691"]
[BlackElo "1585"]
[Opening "English: Sicilian reversed"]
[ECO "A25"]
[Time "15:00:37"]
[PlyCount "44"]
[TimeControl "2700+45"]

1. c4 Nc6 2. Nc3 e5 3. g3 Nf6 4. Bg2 Bb4 5. e4 Bxc3 6. dxc3 O-O 7. f3 d6 8. Nh3
Bd7 9. O-O Qc8 10. Nf2 Na5 11. Qd3 a6 12. b3 Nh5 13. Rd1 f5 14. Qd5+ Be6 15.
Qxa5 b6 16. Qa3 fxe4 17. Nxe4 Bh3 18. Qb2 Nf6 19. Qe2 h6 20. Nxf6+ Rxf6 21. Re1
Bd7 22. f4 exf4 {Black resigns} 1-0

[Event "Team 45 45 League T98"]
[Site "Internet Chess Club"]
[Date "2023.12.17"]
[Round "5"]
[White "isolani"]
[Black "discipulo"]
[Result "1/2-1/2"]
[WhiteElo "1512"]
[BlackElo "1721"]
[Opening "QGD: Semi-Tarrasch defense"]
[ECO "D40"]
[Time "09:00:23"]
[PlyCount "63"]
[TimeControl "2700+45"]

1. d4 d5 2. Nf3 Nf6 3. c4 e6 4. Nc3 c5 5. e3 Nc6 6. Be2 dxc4 7. Bxc4 a6 8. a4
cxd4 9. exd4 Be7 10. O-O O-O 11. Bf4 Qb6 12. b3 Na5 13. Rb1 Rd8 14. Be3 Qc7 15.
Ne5 Nc6 16. f4 Nb4 17. Qe1 Nc2 18. Qe2 Nxd4 19. Bxd4 Rxd4 20. Nxf7 Kxf7 21. f5
Qb6 22. fxe6+ Bxe6 23. Kh1 Bxc4 24. bxc4 Qc6 25. Nd5 Re8 26. Rb6 Qxc4 27. Rbxf6+
Bxf6 28. Qh5+ Kf8 29. Rxf6+ gxf6 30. Qh6+ Kf7 31. Qxf6+ Kg8 32. Qg5+ {Game drawn
by mutual agreement} 1/2-1/2

[Event "Team 45 45 League T98"]
[Site "Internet Chess Club"]
[Date "2023.12.17"]
[Round "5"]
[White "BuddyT"]
[Black "Otelo"]
[Result "1-0"]
[WhiteElo "1779"]
[BlackElo "1944"]
[Opening "Sicilian: Alapin's variation (2.c3)"]
[ECO "B22"]
[Time "10:31:41"]
[PlyCount "51"]
[TimeControl "2700+45"]

1. e4 c5 2. c3 Nf6 3. e5 Nd5 4. Nf3 e6 5. d4 cxd4 6. cxd4 d6 7. Bc4 Be7 8. O-O
O-O 9. Bxd5 exd5 10. Nc3 Be6 11. Qb3 Qd7 12. Nxd5 Kh8 13. Ng5 Bxg5 14. Bxg5 dxe5
15. Qa3 Re8 16. Nb6 axb6 17. Qxa8 Nc6 18. Qa3 Nxd4 19. Rad1 Qb5 20. Be3 Nc2 21.
Qd3 Qxd3 22. Rxd3 Bc4 23. Rc3 Nxe3 24. Re1 Nxg2 25. Kxg2 f5 26. Rxc4 {Black
resigns} 1-0

[Event "Team 45 45 League T98"]
[Site "Internet Chess Club"]
[Date "2023.12.14"]
[Round "5"]
[White "Lawkeito"]
[Black "fishhead"]
[Result "0-1"]
[WhiteElo "1810"]
[BlackElo "1770"]
[Opening "Queen's Indian: Nimzovich variation (exaggerated fianchetto)"]
[ECO "E15"]
[Time "19:12:53"]
[PlyCount "56"]
[TimeControl "2700+45"]

1. d4 Nf6 2. c4 e6 3. Nf3 b6 4. g3 Ba6 5. b3 d5 6. Qc2 dxc4 7. bxc4 c5 8. e3 Be7
9. Be2 O-O 10. O-O Nbd7 11. Nbd2 Qc7 12. Bb2 Bb7 13. Rac1 Ng4 14. Rfd1 f5 15. e4
cxd4 16. Nxd4 Nxf2 17. Nxe6 Qc6 18. Nxf8 Rxf8 19. Rf1 fxe4 20. Qc3 Qh6 21. Rxf2
Bc5 22. Rf1 Rxf2 23. Rxf2 e3 24. Nf3 exf2+ 25. Kg2 Qf6 26. Qd2 Bxf3+ 27. Bxf3
f1=Q+ 28. Kxf1 Qxf3+ {White resigns} 0-1

[Event "Team 45 45 League T98"]
[Site "Internet Chess Club"]
[Date "2023.12.16"]
[Round "5"]
[White "walkover"]
[Black "VictorRed"]
[Result "1-0"]
[WhiteElo "1745"]
[BlackElo "1635"]
[Opening "QGD Slav defense"]
[ECO "D10"]
[Time "10:20:23"]
[PlyCount "61"]
[TimeControl "2700+45"]

1. d4 d5 2. c4 c6 3. e3 Nf6 4. Nc3 g6 5. h4 Bg7 6. Nh3 O-O 7. Nf4 h5 8. Qb3 e6
9. Bd2 Re8 10. f3 dxc4 11. Bxc4 Nd5 12. Ncxd5 exd5 13. Be2 Bh6 14. g3 a5 15. Bd3
Bxf4 16. gxf4 Qd6 17. O-O-O c5 18. Qa3 b6 19. Rhg1 f5 20. Rg5 Kf7 21. Rdg1 Rg8
22. e4 dxe4 23. fxe4 Qxd4 24. exf5 Ba6 25. fxg6+ Ke8 26. Re1+ Kd8 27. Bxa6 Nxa6
28. Qf3 Qc4+ 29. Kb1 Kc7 30. f5 Ra7 31. Bf4+ {Black resigns} 1-0

[Event "Team 45 45 League T98"]
[Site "Internet Chess Club"]
[Date "2023.12.17"]
[Round "5"]
[White "Rookmaster"]
[Black "fireball"]
[Result "1-0"]
[WhiteElo "1530"]
[BlackElo "1536"]
[Opening "French: Two knights variation"]
[ECO "C00"]
[Time "13:01:27"]
[PlyCount "129"]
[TimeControl "2700+45"]

1. e4 e6 2. Nf3 d5 3. Nc3 dxe4 4. Nxe4 Nf6 5. Nxf6+ Qxf6 6. d4 h6 7. Bd3 Bd6 8.
c3 O-O 9. Qe2 b6 10. b4 Bb7 11. Be4 c6 12. Bb2 b5 13. O-O Qe7 14. Rfe1 f5 15.
Bd3 Re8 16. Qc2 Qd7 17. Rad1 Na6 18. Bc1 Nc7 19. Ne5 Bxe5 20. Rxe5 Nd5 21. Rde1
Qf7 22. a3 Qg6 23. c4 bxc4 24. Bxc4 c5 25. f4 cxb4 26. axb4 Nxb4 27. Qb2 Bd5 28.
Bxd5 Nxd5 29. Qb7 Qf7 30. Qa6 Nc7 31. Qc6 a5 32. Ba3 Ra6 33. Qb7 Qd7 34. Rc1
Qxd4+ 35. Kh1 Ra7 36. Qf3 Na6 37. Rd1 Qb6 38. Qd3 Qc6 39. Rc1 Qb6 40. h3 Nb4 41.
Qe2 Qd4 42. Rxe6 Rxe6 43. Qxe6+ Kh8 44. Rc8+ Kh7 45. Qxf5+ g6 46. Qf8 Qg7 47.
Qd8 g5 48. Bb2 Rd7 49. Bxg7 Rxd8 50. Rxd8 Kxg7 51. fxg5 hxg5 52. Ra8 Nc6 53. Ra6
Nd4 54. Rxa5 Kg6 55. g4 Kf6 56. Kg2 Ne2 57. Ra3 Nf4+ 58. Kf2 Ke5 59. Re3+ Kd4
60. Ra3 Nd3+ 61. Rxd3+ Kxd3 62. h4 gxh4 63. g5 Ke4 64. g6 Kf5 65. g7 {Black
resigns} 1-0

[Event "Team 45 45 League T98"]
[Site "Internet Chess Club"]
[Date "2023.12.15"]
[Round "5"]
[White "vollmerj"]
[Black "trogers41"]
[Result "1-0"]
[WhiteElo "1555"]
[BlackElo "1456"]
[Opening "Réti opening"]
[ECO "A05"]
[Time "09:00:46"]
[PlyCount "31"]
[TimeControl "2700+45"]

1. Nf3 Nf6 2. g3 d5 3. Bg2 e6 4. O-O c5 5. c4 d4 6. b4 Nc6 7. b5 Na5 8. d3 Rb8
9. Nbd2 Be7 10. Nb3 a6 11. Bd2 Nxb3 12. Qxb3 b6 13. bxa6 Bxa6 14. Qa4+ Nd7 15.
Qxa6 Ra8 16. Qb5 {Black resigns} 1-0

[Event "Team 45 45 League T98"]
[Site "Internet Chess Club"]
[Date "2023.12.18"]
[Round "5"]
[White "BlueStorm"]
[Black "seattleblues"]
[Result "1-0"]
[WhiteElo "1587"]
[BlackElo "1330"]
[Opening "Pirc: classical system, 5.Be2"]
[ECO "B08"]
[Time "19:03:03"]
[PlyCount "41"]
[TimeControl "2700+45"]

1. e4 d6 2. d4 Nf6 3. Nc3 g6 4. Nf3 Bg7 5. Be2 Nbd7 6. h3 c6 7. O-O O-O 8. Be3
e5 9. dxe5 dxe5 10. Qd2 Re8 11. Rfd1 Qc7 12. Bc4 Nb6 13. Bb3 Be6 14. Qd6 Qxd6
15. Rxd6 Bxb3 16. axb3 Nfd7 17. Rad1 Bf8 18. Rxd7 Nxd7 19. Rxd7 b6 20. Kf1 c5
21. Nd5 {Black resigns} 1-0

[Event "Team 45 45 League T98"]
[Site "Internet Chess Club"]
[Date "2023.12.18"]
[Round "5"]
[White "Lawkeito"]
[Black "clarinetref"]
[Result "0-1"]
[WhiteElo "1783"]
[BlackElo "1534"]
[Opening "Nimzo-Indian: Fischer variation, 5.Ne2"]
[ECO "E44"]
[Time "19:06:47"]
[PlyCount "74"]
[TimeControl "2700+45"]

1. d4 Nf6 2. c4 e6 3. Nc3 Bb4 4. e3 b6 5. Ne2 Bb7 6. a3 Bxc3+ 7. Nxc3 Ne4 8. Qc2
Nxc3 9. Qxc3 Qe7 10. f3 d5 11. Bd3 dxc4 12. Bxc4 a5 13. O-O Ba6 14. Bd2 Bxc4 15.
Qxc4 O-O 16. Rfc1 Rc8 17. b4 axb4 18. axb4 Rxa1 19. Rxa1 Qd8 20. e4 c5 21. bxc5
bxc5 22. d5 exd5 23. exd5 Nd7 24. Ba5 Qf6 25. Bc3 Qd6 26. Qg4 g6 27. Ra7 Nb6 28.
Ra6 c4 29. Rxb6 Qxb6+ 30. Bd4 Qb1+ 31. Kf2 Qf5 32. Qh4 g5 33. Qh6 Qg6 34. Qh3
Ra8 35. Qd7 h5 36. d6 h4 37. h3 Qc2+ {White resigns} 0-1

[Event "Team 45 45 League T98"]
[Site "Internet Chess Club"]
[Date "2023.12.19"]
[Round "5"]
[White "Electryon"]
[Black "Megasus"]
[Result "1/2-1/2"]
[WhiteElo "1618"]
[BlackElo "1553"]
[Opening "Sicilian: Katalimov variation"]
[ECO "B27"]
[Time "13:02:50"]
[PlyCount "154"]
[TimeControl "2700+45"]

1. e4 c5 2. Nf3 b6 3. d3 e6 4. Nbd2 b5 5. a4 Qa5 6. c3 Bb7 7. Nb3 Qb6 8. axb5 a6
9. bxa6 Nxa6 10. Be3 Nf6 11. h3 h6 12. Be2 d5 13. e5 Nd7 14. O-O Qc7 15. d4 c4
16. Nbd2 Nb6 17. b3 Be7 18. bxc4 dxc4 19. Nxc4 Nb8 20. Nxb6 Qxb6 21. Qd3 O-O 22.
Qb5 Qc7 23. c4 Bc6 24. Qb3 Na6 25. c5 Rfb8 26. Qc3 Qc8 27. Rfb1 Nc7 28. Rxb8
Qxb8 29. Rxa8 Bxa8 30. Nd2 Nd5 31. Qb3 Qa7 32. Ne4 Qa1+ 33. Kh2 Bc6 34. Nd6 Qc3
35. Qxc3 Nxc3 36. Bf3 Nd5 37. Bxd5 Bxd5 38. g3 g5 39. h4 Kg7 40. hxg5 hxg5 41.
Kh3 Kg6 42. Kg4 f6 43. exf6 Bxf6 44. f4 gxf4 45. gxf4 Bc6 46. Nc4 Bd5 47. Ne5+
Kg7 48. f5 Bxe5 49. dxe5 exf5+ 50. Kxf5 Kf7 51. Bg5 Be6+ 52. Ke4 Kg6 53. Be7 Kf7
54. Bd6 Ke8 55. Kd4 Kd7 56. Kc3 Kc6 57. Kb4 Bd5 58. Ka5 Be6 59. Ka6 Bd5 60. Ka7
Be6 61. Kb8 Bd7 62. Ka7 Be6 63. Ka6 Bc4+ 64. Ka5 Be6 65. Kb4 Bd5 66. Kc3 Be6 67.
Kd4 Bd5 68. Ke3 Be6 69. Kf4 Kd5 70. Kg5 Bg8 71. Kf6 Be6 72. Ke7 Bg4 73. Kd8 Kc6
74. Ke7 Kd5 75. Kd8 Kc6 76. Ke7 Kd5 77. Kd8 Kc6 {Game drawn by repetition}
1/2-1/2

[Event "Team 45 45 League T98"]
[Site "Internet Chess Club"]
[Date "2023.12.17"]
[Round "5"]
[White "fvafier"]
[Black "garytd"]
[Result "1-0"]
[WhiteElo "1439"]
[BlackElo "1419"]
[Opening "Sicilian: Smith-Morra gambit"]
[ECO "B21"]
[Time "10:00:16"]
[PlyCount "39"]
[TimeControl "2700+45"]

1. e4 c5 2. d4 cxd4 3. c3 dxc3 4. Nxc3 Nc6 5. Nf3 g6 6. Bc4 e6 7. O-O a6 8. Bf4
d6 9. Qe2 b5 10. Bb3 Bh6 11. Bg3 Nf6 12. Rfd1 O-O 13. Bxd6 Re8 14. Bf4 Qxd1+ 15.
Rxd1 Bxf4 16. e5 b4 17. exf6 bxc3 18. Qe4 Bb7 19. Qxf4 e5 20. Qh6 {Black
resigns} 1-0

[Event "Team 45 45 League T98"]
[Site "Internet Chess Club"]
[Date "2023.12.18"]
[Round "5"]
[White "DaveTheRook"]
[Black "Denis240964"]
[Result "1-0"]
[WhiteElo "1460"]
[BlackElo "1267"]
[Opening "QGD: 4.Nf3"]
[ECO "D37"]
[Time "18:02:37"]
[PlyCount "41"]
[TimeControl "2700+45"]

1. d4 d5 2. c4 e6 3. Nc3 Nf6 4. Nf3 Nbd7 5. e3 Be7 6. Bd3 O-O 7. O-O c6 8. Bd2
Re8 9. c5 Nf8 10. b4 Ng6 11. Ne5 Qc7 12. f4 Nd7 13. Qh5 Nf6 14. Qf3 Nh4 15. Qe2
b6 16. Rab1 Bb7 17. Be1 Ng6 18. Bg3 Nxe5 19. fxe5 Nd7 20. Bxh7+ Kf8 21. Bg6
{Black resigns} 1-0